 Dungeon Crawl Stone Soup version 0.30-b1-6-gad0e9d6a2d (webtiles) character file.

Game seed: 9430007901422132789

130 H0rd4k the Charlatan (level 5, -3/38 HPs)
             Began as a Human Artificer on May 5, 2023.
             Killed by divine providence
             ... invoked by an orc priest
              (11 damage)
             ... on level 4 of the Dungeon.
             The game lasted 00:03:16 (2999 turns).

H0rd4k the Charlatan (Human Artificer)              Turns: 2999, Time: 00:03:16

Health: -3/38      AC:  4    Str: 12    XL:     5   Next: 36%
Magic:  5/5        EV: 12    Int: 14    God:
Gold:   202        SH:  0    Dex: 13    Spells: 4/4 levels left

rFire   . . .        y - +0 dagger (venom)
rCold   . . .        (no shield)
rNeg    . . .        b - +0 leather armour
rPois   .            (no helmet)
rElec   .            h - +0 cloak
rCorr   .            (no gloves)
SInv    .            (no boots)
Will    .....        (no amulet)
Stlth   ++           (no ring)
HPRegen 0.26/turn    (no ring)
MPRegen 0.09/turn

%: no passive effects
@: no status effects
A: no striking features
a: no special abilities


You were on level 4 of the Dungeon.
You visited 1 branch of the dungeon, and saw 4 of its levels.

You collected 202 gold pieces.

Inventory:

Hand Weapons
 y - a +0 dagger of venom (weapon)
Armour
 b - a +0 leather armour (worn)
 h - a +0 cloak (worn)
Wands
 c - a wand of flame (1) (quivered)
 d - a wand of charming (10)
 e - a wand of iceblast (5)
Scrolls
 f - a scroll of blinking {unknown}
 g - a scroll of amnesia {unknown}
 i - a scroll of vulnerability {unknown}
 j - a scroll of immolation {unknown}
 k - a scroll of acquirement {unknown}
 l - a scroll of fear {unknown}
 n - 2 scrolls of magic mapping {unknown}
 p - a scroll of noise {unknown}
 r - 4 scrolls of teleportation {unknown}
 s - 3 scrolls of identify {unknown}
 v - a scroll of enchant weapon {unknown}
Potions
 m - a potion of might {unknown}
 o - 2 potions of mutation {unknown}
 q - a potion of cancellation {unknown}
 t - a potion of curing {unknown}
 u - a potion of heal wounds {unknown}
 w - a potion of flight {unknown}
 x - a potion of degeneration {unknown}


   Skills:
 + Level 2.0 Fighting
 + Level 0.1 Short Blades
 - Level 2.1 Maces & Flails
 - Level 2.1 Armour
 + Level 2.3 Dodging
 + Level 2.0 Stealth
 + Level 3.6 Evocations


You had 4 spell levels left.
You didn't know any spells.
Your spell library was empty.

Dungeon Overview and Level Annotations

Branches:
Dungeon (4/15)
 Temple: D:4-7

Altars:
Vehumet

Shops:
D:1 *   D:2 *

Annotations:
D:3 3 runed translucent doors, exclusion: 3 doors, rlgrobin's ghost, amateur DsFi


Message History

You hit the orc.
The orc is poisoned.
The orc is moderately wounded.
The orc completely misses you.
You hit the orc but do no damage.
The orc looks as sick as possible!
The orc is moderately wounded.
The orc barely misses you.
You hit the orc.
The orc is heavily wounded.
You kill the orc!
The orc priest mumbles some strange prayers to Beogh against you.
You barely resist. You barely miss the orc.
You punch the orc, but do no damage. The orc barely misses you.
You hit the orc.
The orc is poisoned.
The orc is moderately wounded.
The orc barely misses you.
You hit the orc but do no damage.
The orc looks as sick as possible!
The orc is moderately wounded.
The orc priest mumbles some strange prayers to Beogh against you.
Beogh smites you! The orc closely misses you.
You hit the orc but do no damage.
The orc looks as sick as possible!
The orc is heavily wounded.
You kill the orc!
You hit the orc priest.
The orc priest is poisoned.
The orc priest is moderately wounded.
The orc priest hits you with a +0 whip.
You hit the orc priest but do no damage.
The orc priest looks even sicker.
The orc priest is moderately wounded.
You closely miss the orc priest.
The orc priest is moderately wounded.
The orc priest calls down the wrath of Beogh upon you.
Beogh smites you!
* * * LOW HITPOINT WARNING * * *
You hit the orc priest.
The orc priest looks as sick as possible!
The orc priest is heavily wounded.
The orc priest calls down the wrath of Beogh upon you.
Beogh smites you!
You die...

###..# #.# #.#
.....######.#####.#
##..........)....#
##.....#.#######..###
##........# ##......#
####?........####.......#
...'.......?.+..>.......#
####.........###........#
##..<.....o@>........#
##.....#####.########
##...## #.# ##+## #.# #.#
#.# #.# #.# ##.## #.#
##...## #.# #<....## #.#


You could see an orc priest (extremely poisoned).

Vanquished Creatures
  An orc wizard (D:4)
  3 adders
  2 dart slugs
  3 orcs (D:4)
  5 ball pythons
  11 bats
  4 endoplasms
  5 giant cockroaches (D:1)
  6 goblins
  4 hobgoblins
  3 jackals (D:1)
  3 kobolds
  3 quokkas
  3 frilled lizards
  5 rats
61 creatures vanquished.

Vanquished Creatures (collateral kills)
  A worm (D:2)
1 creature vanquished.

Vanquished Creatures (others)
  A hobgoblin (D:2)
1 creature vanquished.

Grand Total: 63 creatures vanquished

Notes
Turn   | Place    | Note
-------+----------+-------------------------------------------
     0 | D:1      | H0rd4k the Human Artificer began the quest for the Orb.
     0 | D:1      | Reached XP level 1. HP: 15/15 MP: 1/1
   134 | D:1      | Reached XP level 2. HP: 14/21 MP: 2/2
   521 | D:1      | Found Huguloti's General Store.
   529 | D:1      | Reached XP level 3. HP: 26/26 MP: 3/3
   761 | D:1      | Found a faded altar of an unknown god.
   764 | D:1      | Reached skill level 1 in Maces & Flails
  1294 | D:2      | Found Ysipick's General Store.
  1367 | D:2      | Reached XP level 4. HP: 6/32 MP: 4/4
  1509 | D:2      | Found a radiant altar of Vehumet.
  2006 | D:3      | Found a runed translucent gate.
  2006 | D:3      | Found a runed translucent gate.
  2007 | D:3      | Found a runed translucent gate.
  2007 | D:3      | Noticed rlgrobin's ghost (amateur DsFi)
  2365 | D:3      | Reached XP level 5. HP: 20/38 MP: 5/5
  2999 | D:4      | Killed from afar by an orc priest

Illustrated notes

Levels and vault maps discovered:
D:1:      wander_arrival_fairy_ring, layout_basic,
          nicolae_ecumenical_snake_handling, serial_shops,
          nicolae_shop_rolling_square
D:2:      layout_rooms, serial_shops, shop, basic_altar, minmay_pentomino_w4
D:3:      layout_basic, serial_corexii_hall, corexii_hall_statues_t,
          corexii_hall_statues_i, corexii_hall_statues_deadend,
          corexii_hall_statues_l, gammafunk_ghost_necromancy,
          minmay_curled_crystal, kennysheep_pointless_box
D:4:      cheibrodos_helix_gallery, layout_loops_corners,
          mainiacjoe_overflow_catch_the_wave, serial_shops, shop

Skill      XL: |  1  2  3  4  5 |
---------------+----------------+-----
Maces & Flails | 1 2 |  2.1
Fighting       | 2 |  2.0
Dodging        | 2 |  2.3
Stealth        | 2 |  2.0
Short Blades   | |  0.1
Armour         | |  2.1
Evocations     | |  3.6

Action                     |  1- 3 |  4- 6 || total
---------------------------+-------+-------++-------
  Melee: Club              |   152 |   100 ||   252
         Dagger            |       |    48 ||    48
         Punch             |       |     1 ||     1
  Evoke: Wand              |     3 |    16 ||    19
   Stab: Sleeping          |     3 |       ||     3
 Armour: Leather armour    |    65 |    54 ||   119
  Dodge: Dodged            |   120 |   131 ||   251
